 Dungeon Crawl Stone Soup version 0.32-a0-953-g508020473e (webtiles) character file.

Game seed: 12321024205422730838

3180 RockinRobin the Trooper (level 9, -1/66 (72) HPs)
             Began as a Demonspawn Chaos Knight on Apr 16, 2024.
             Was a Plaything of Xom.
             Slain by a +0 whip of chaos (8 damage)
             ... on level 7 of the Dungeon.
             The game lasted 00:20:24 (6382 turns).

RockinRobin the Trooper (Demonspawn Chaos Knight)   Turns: 6382, Time: 00:20:25

HP:   -1/66 (72)    AC: 17    Str: 22      XL:     9   Next: 63%
MP:   8/8           EV: 16    Int:  9      God:    Xom [..*...]
Gold: 452           SH:  0    Dex: 26 (27) Spells: 8/8 levels left

rFire   x . .        E - +3 halberd "Beastbane" {chaos, rElec rF- rCorr Dex+8}
rCold   . . .        (shield currently unavailable)
rNeg    . . .        b - +2 leather armour
rPois   .            (helmet restricted)
rElec   +            p - +2 cloak
rCorr   +            (no gloves)
SInv    .            z - +0 pair of boots
Will    .....        (no amulet)
Stlth   +++          i - +4 ring of protection
HPRegen 0.31/turn    (no ring)
MPRegen 0.11/turn

%: no passive effects
@: mighty, hasted, drained, invisible, very quick
A: hooves 2, slimy green scales 2, foul stench 2, claws 1, horns 1, thin
skeletal structure 1, agile 1, low MP 1, sense surroundings 1, strong 2,
inability to drink after injury 1, MP-powered wands, noise suppression
a: Renounce Religion


You were on level 7 of the Dungeon.
You worshipped Xom.
You were a toy of Xom.
You visited 1 branch of the dungeon, and saw 7 of its levels.

You collected 452 gold pieces.

Inventory:

Hand Weapons
 k - a +1 mace of chaos
 u - the +5 spear of the Gloaming {freeze, *Slow +Blink Str+2 Stlth+}
   (You found it on level 5 of the Dungeon)

   Str+2:     It affects your strength (+2).
   +Blink:    It lets you blink.
   *Slow:     It may slow you when you take damage.
   Stlth+:    It makes you more stealthy.
 A - a +1 halberd of protection
 C - a +2 quarterstaff of chaos
 E - the +3 halberd "Beastbane" (weapon) {chaos, rElec rF- rCorr Dex+8}
   (You found it on level 7 of the Dungeon)

   Dex+8:     It affects your dexterity (+8).
   rF-:       It makes you vulnerable to fire.
   rElec:     It insulates you from electricity.
   rCorr:     It protects you from acid and corrosion.
Missiles
 f - 11 poisoned darts (quivered)
 j - 4 silver javelins
 w - 3 throwing nets
Armour
 b - a +2 leather armour (worn)
 l - a +0 chain mail
 p - a +2 cloak (worn)
 z - a +0 pair of boots (worn)
Jewellery
 i - a +4 ring of protection (left claw)
 m - a +6 ring of intelligence
Wands
 t - a wand of charming (11)
 B - a wand of flame (23)
Scrolls
 a - 2 scrolls of fog
 c - a scroll of butterflies
 o - 2 scrolls of enchant armour
 s - 3 scrolls of teleportation
 y - a scroll of immolation
 D - 3 scrolls of revelation
 F - a scroll of identify
Potions
 d - 2 potions of curing
 e - 3 potions of might
 g - a potion of heal wounds {unknown}
 h - 4 potions of attraction
 n - 2 potions of degeneration {unknown}
 r - 3 potions of mutation
 v - 2 potions of ambrosia {unknown}
 x - a potion of berserk rage {unknown}


   Skills:
 + Level 7.5 Fighting
 - Level 6.6(6.7) Maces & Flails
 + Level 0.0(0.3) Polearms
 - Level 0.8(4.2) Staves
 + Level 6.4 Armour
 + Level 6.2 Dodging


You had 8 spell levels left.
You didn't know any spells.
Your spell library contained the following spells:

 Spells                   Type           Power      Damage    Failure   Level
 Apportation              Tloc           0%         N/A       41%         1
 Necrotise                Necr           0%         1d4       41%         1
 Slow                     Hex            0%         N/A       41%         1
 Sting                    Conj/Alch      0%         1d3       41%         1
 Summon Small Mammal      Summ           0%         N/A       41%         1
 Call Imp                 Summ           0%         N/A       56%         2
 Sublimation of Blood     Necr           0%         N/A       56%         2
 Confusing Touch          Hex            0%         N/A       80%         3
 Stone Arrow              Conj/Erth      0%         3d7       80%         3
 Vampiric Draining        Necr           0%         2d6       80%         3
 Animate Armour           Summ/Erth      0%         N/A       99%         4
 Cause Fear               Hex            0%         N/A       99%         4
 Fireball                 Conj/Fire      0%         3d3       100%        5
 Seismic Cannonade        Alch/Erth      0%         6d4       100%        7
 Summon Hydra             Summ           0%         N/A       100%        7
 Lehudib's Crystal Spear  Conj/Erth      0%         10d2      100%        8
 Dragon's Call            Summ           0%         N/A       100%        9


Dungeon Overview and Level Annotations

Branches:
Dungeon (7/15)             Temple (0/1) D:7

Altars:
Ashenzari
Cheibriados
Gozag
Hepliaklqana
Ru
Sif Muna
Xom

Shops:
D:4 *

Annotations:
D:7 spaghetti's ghost, novice NaBe


Innate Abilities, Weirdness & Mutations

You have hoof-like feet.
You are mostly covered in slimy green scales. (AC +3)
You sometimes emit foul miasma when damaged in melee.
You have sharp fingernails.
You have a pair of small horns on your head.
You have a somewhat thin skeletal structure. (Dex +2, Stealth+)
You are agile. (Dex +4, Str/Int -1)
Your magical capacity is low. (-10% MP)
You passively map a small area around you.
Your muscles are very strong. (Str +8, Int/Dex -2)
You occasionally lose the ability to drink potions when taking damage.
You expend magic power (3 MP) to strengthen your wands.
You passively dampen the noise of your surroundings.


Message History

* * * LOW HITPOINT WARNING * * *
The +0 whip of chaos draws strength from your wounds!
Spaghetti's ghost hits you but does no damage.
The +0 whip of chaos completely misses you.
You closely miss spaghetti's ghost. Your headbutt misses spaghetti's ghost.
Spaghetti's ghost is heavily damaged.
Spaghetti's ghost barely misses you. Spaghetti's ghost misses you.
You closely miss spaghetti's ghost. You headbutt spaghetti's ghost!
Spaghetti's ghost is severely damaged.
The +0 whip of chaos hits you but does no damage.
The +0 whip of chaos completely misses you.
Spaghetti's ghost hits you but does no damage.
The +0 whip of chaos hits you.
* * * LOW HITPOINT WARNING * * *
You convulse.
* * * LOW HITPOINT WARNING * * *
You feel better. The +0 whip of chaos hits you.
* * * LOW HITPOINT WARNING * * *
The +0 whip of chaos burns you.
* * * LOW HITPOINT WARNING * * *
Spaghetti's ghost completely misses you.
The +0 whip of chaos hits you but does no damage.
You slash spaghetti's ghost!
Spaghetti's ghost appears confused.
You headbutt spaghetti's ghost!
Spaghetti's ghost is almost destroyed.
The +0 whip of chaos hits you but does no damage.
Spaghetti's ghost closely misses you.
Spaghetti's ghost hits itself.
The +0 whip of chaos hits you.
* * * LOW HITPOINT WARNING * * *
The +0 whip of chaos burns you.
* * * LOW HITPOINT WARNING * * *
The +0 whip of chaos hits you.
* * * LOW HITPOINT WARNING * * *
You feel yourself speed up.
You emit a cloud of foul miasma!
You catch the helpless spaghetti's ghost completely off-guard!
You slash spaghetti's ghost!
Spaghetti's ghost is almost destroyed.
The +0 whip of chaos hits you!
You die...
Xom howls with laughter!

............###.####......# #
##.....####.###....)..###########
###.#..........#####..##......)..
# #.#..####.##.# #..##......### #
#.#..# #.##.# #..##......'.#
###.#..####.##.#####..##......#.#
....#.......###.............###.#
######.######.#W(.....##..#.###.#
....#....# #._'.@.............#.#
.......#.####$#..##.#............
............###..##.......##.##..
................###.#.##.........
###+#.......(................####
..........รท...#.#.#........###
#####.#..####.#.#....>##.#.###
#.........)..................#
#.###.#..####.#.#.###.##...#.#


You could see a +0 whip of chaos (unable to see you) and spaghetti's ghost
(confused).

Vanquished Creatures
  Pikel (D:5)
  Sigmund (D:5)
  Duvessa (D:6)
  A swamp drake (D:3)
  3 ice beasts (D:5)
  3 sky beasts
  3 black bears
  2 phantoms
  A lemure (D:5)
  A bullfrog (D:7)
  2 gnoll sergeants
  4 scorpions
  2 howler monkeys
  2 bombardier beetles
  4 hounds
  A jelly (D:6)
  2 orc priests
  Crazy Yiuf (D:6)
  A gnoll bouda (D:5)
  4 iguanas
  A sleepcap (D:5)
  8 adders
  9 gnolls
  A shadow imp (D:5)
  2 white imps (D:5)
  A dart slug (D:4)
  A ribbon worm (D:3)
  14 orcs
  9 ball pythons
  2 bats
  4 endoplasms
  5 giant cockroaches
  8 hobgoblins
  2 jackals (D:2)
  5 quokkas
  2 frilled lizards
  9 goblins
  3 kobolds
  5 rats
131 creatures vanquished.

Vanquished Creatures (collateral kills)
  Dowan (D:6)
  A bombardier beetle (D:6)
2 creatures vanquished.

Vanquished Creatures (others)
  Grinder (D:6)
1 creature vanquished.

Grand Total: 134 creatures vanquished

Notes
Turn   | Place    | Note
-------+----------+-------------------------------------------
     0 | D:1      | RockinRobin the Demonspawn Chaos Knight began the quest for
                  | the Orb.
     0 | D:1      | Reached XP level 1. HP: 18/18 MP: 1/1
   224 | D:1      | You fall into a shaft and drop 1 floor!
   235 | D:2      | Reached skill level 1 in Dodging
   247 | D:2      | Gained mutation: You are partially covered in slimy green
                  | scales. (AC +2) [demonic ancestry]
   247 | D:2      | Reached XP level 2. HP: 24/24 MP: 2/2
   298 | D:2      | XOM: silly message
   383 | D:1      | Gained mutation: You are mostly covered in slimy green
                  | scales. (AC +3) [demonic ancestry]
   383 | D:1      | Reached XP level 3. HP: 29/29 MP: 3/3
   440 | D:1      | XOM: silly message
   824 | D:2      | Found a sacrificial altar of Ru.
   983 | D:2      | XOM: silly message
  1207 | D:3      | Reached XP level 4. HP: 35/35 MP: 4/4
  1218 | D:3      | XOM: smoke on damage
  1411 | D:3      | XOM: fake destruction
  1468 | D:3      | Reached XP level 5. HP: 19/42 MP: 5/5
  1658 | D:3      | an orc changed into a swamp drake
  1658 | D:3      | Noticed a swamp drake
  1658 | D:3      | XOM: polymorph orc -> swamp drake
  1663 | D:3      | XOM: chaos upgrade
  1672 | D:3      | Killed a swamp drake
  1673 | D:3      | Reached skill level 4 in Fighting
  1840 | D:4      | Found a shimmering blue altar of Sif Muna.
  1841 | D:4      | XOM: give mutations
  1841 | D:4      | Gained mutation: Your muscles are strong. (Str +4, Int/Dex
                  | -1) [Xom's mischief]
  1841 | D:4      | Gained mutation: Your magical capacity is low. (-10% MP)
                  | [Xom's mischief]
  1841 | D:4      | Gained mutation: You occasionally lose the ability to drink
                  | potions when taking damage. [Xom's mischief]
  1841 | D:4      | Gained mutation: You are frail. (-10% HP) [Xom's mischief]
  1860 | D:4      | Gained mutation: You may rarely emit foul miasma when
                  | damaged in melee. [demonic ancestry]
  1860 | D:4      | Reached XP level 6. HP: 43/43 MP: 5/5
  1919 | D:4      | Found a snail-covered altar of Cheibriados.
  1941 | D:4      | Found Totochy's Neck Hole.
  2022 | D:4      | XOM: stat loss: -1 Dex (10/11)
  2153 | D:4      | Found an opulent altar of Gozag.
  2460 | D:5      | Entered Level 5 of the Dungeon
  2463 | D:5      | Noticed an ice beast
  2471 | D:5      | Killed an ice beast
  2472 | D:5      | Gained mutation: You sometimes emit foul miasma when
                  | damaged in melee. [demonic ancestry]
  2472 | D:5      | Reached XP level 7. HP: 49/49 MP: 6/6
  2553 | D:5      | XOM: blink monster(s)
  2558 | D:5      | Reached skill level 5 in Fighting
  2628 | D:5      | Noticed Pikel
  2631 | D:5      | XOM: divination: detect items
  2633 | D:5      | XOM: cast spell 'Alistair's Intoxication'
  2654 | D:5      | XOM: enchant monster (good)
  2655 | D:5      | Killed Pikel
  2656 | D:5      | Reached skill level 5 in Maces & Flails
  2656 | D:5      | Gained mutation: You have large cloven feet. [demonic
                  | ancestry]
  2656 | D:5      | Reached XP level 8. HP: 13/56 MP: 7/7
  2763 | D:5      | XOM: 5-stop teleportation journey
  2774 | D:5      | XOM: summons friendly ufetubus
  2981 | D:5      | XOM: give mutation
  2981 | D:5      | Gained mutation: Your muscles are very strong. (Str +8,
                  | Int/Dex -2) [Xom's grace]
  2986 | D:5      | Reached skill level 5 in Armour
  2988 | D:5      | XOM: cloud trail
  3004 | D:5      | XOM: enchant monster (bad)
  3005 | D:5      | XOM: scenery: create altars
  3016 | D:5      | Reached skill level 6 in Fighting
  3051 | D:5      | XOM: give mutations
  3051 | D:5      | Gained mutation: You passively map a small area around you.
                  | [Xom's grace]
  3051 | D:5      | Gained mutation: You have sharp fingernails. [Xom's grace]
  3051 | D:5      | Gained mutation: You have a pair of small horns on your
                  | head. [Xom's grace]
  3120 | D:5      | XOM: scenery: create altars
  3248 | D:5      | XOM: give mutation
  3248 | D:5      | Gained mutation: You have a somewhat thin skeletal
                  | structure. (Dex +2, Stealth+) [Xom's grace]
  3301 | D:5      | Identified the +5 spear of the Gloaming {freeze, *Slow
                  | +Blink Str+2 Stlth+}
  3382 | D:5      | Reached skill level 5 in Dodging
  3451 | D:5      | XOM: give mutation
  3451 | D:5      | Lost mutation: You are frail. (-10% HP) [Xom's mischief]
  3753 | D:5      | XOM: silly message
  3787 | D:5      | XOM: swap monsters
  3990 | D:5      | Noticed Sigmund
  3997 | D:5      | Killed Sigmund
  3998 | D:5      | Gained mutation: You have hoof-like feet. [demonic
                  | ancestry]
  3998 | D:5      | Reached XP level 9. HP: 71/71 MP: 8/8
  4228 | D:6      | Found a hazy altar of Hepliaklqana.
  4254 | D:6      | XOM: god gift: 27 gold pieces
  4539 | D:6      | Noticed Grinder
  4548 | D:6      | Paralysed by Grinder for 4 turns
  4551 | D:6      | Killed Grinder
  4551 | D:6      | XOM: destruction
  4552 | D:6      | Reached skill level 7 in Fighting
  4554 | D:6      | XOM: give mutations
  4554 | D:6      | Gained mutation: You are agile. (Dex +4, Str/Int -1) [Xom's
                  | grace]
  4554 | D:6      | Gained mutation: You passively dampen the noise of your
                  | surroundings. [Xom's grace]
  4614 | D:6      | Noticed Duvessa
  4614 | D:6      | Noticed Dowan
  4624 | D:6      | Killed Duvessa
  4628 | D:6      | XOM: summons 5 friendly demons
  4647 | D:6      | Killed Dowan
  4752 | D:6      | Found a broken altar of Ashenzari.
  5057 | D:6      | Found a runed translucent door.
  5058 | D:6      | Noticed Crazy Yiuf
  5070 | D:6      | Killed Crazy Yiuf
  5419 | D:6      | XOM: give mutations
  5419 | D:6      | Gained mutation: You expend magic power (3 MP) to
                  | strengthen your wands. [Xom's grace]
  5523 | D:7      | Found a runed translucent door.
  5526 | D:7      | Found a shimmering altar of Xom.
  5526 | D:7      | Noticed spaghetti's ghost (novice NaBe)
  5527 | D:7      | Noticed a +0 whip of chaos
  5681 | D:7      | Found a staircase to the Ecumenical Temple.
  5776 | D:7      | XOM: smoke on damage
  5877 | D:7      | XOM: stat loss: -1 Dex (18/19)
  6165 | D:7      | XOM: noise
  6258 | D:7      | Identified the +3 halberd "Beastbane" {chaos, rElec rF-
                  | rCorr Dex+8}
  6358 | D:7      | XOM: divination: detect items
  6358 | D:7      | Paralysed by a +0 whip of chaos for 1 turns
  6363 | D:7      | XOM: potion effect (invisibility)
  6368 | D:7      | Paralysed by a +0 whip of chaos for 1 turns
  6369 | D:7      | XOM: silly message
  6369 | D:7      | HP: 3/67 [spaghetti's ghost (3)]
  6373 | D:7      | Xom revived you
  6382 | D:7      | Slain by a +0 whip of chaos

Illustrated notes

Levels and vault maps discovered:
D:1:      scummos_arrival_simple_crosswalls, layout_basic,
          minmay_misc_feat_doors
D:2:      layout_rooms, basic_altar
D:3:      layout_rooms, mainiacjoe_overflow_tiny_flanked
D:4:      layout_basic, nicolae_gozag_cash_rules_everything_around_me,
          mainiacjoe_overflow_large_starburst, grunt_ministairs_9,
          nicolae_shop_sticking_my_neck_out
D:5:      minmay_razor_zed, layout_loops_ring, reono_crystal_passage,
          chequers_serial_rivers_micro_e, uniq_pikel, uniq_sigmund
D:6:      layout_loops_ring, mainiacjoe_overflow_paths, jmf_multi_god_temple,
          uniq_crazy_yiuf_cottage, uniq_grinder, uniq_duvessa
D:7:      layout_basic, minmay_temple_entry_antechambers, ebering_ghost_xom,
          enter_bailey_2

Skill      XL: |  1  2  3  4  5  6  7  8  9 |
---------------+----------------------------+-----
Dodging        | 1 2 3 4 5 6 |  6.2
Armour         | 2 3 4 5 6 |  6.4
Maces & Flails | 3 4 5 6 |  6.6
Fighting       | 4 5 6 7 |  7.5
Staves         | |  0.8

Action                     |  1- 3 |  4- 6 |  7- 9 || total
---------------------------+-------+-------+-------++-------
  Melee: Mace              |    98 |   150 |   246 ||   494
         Kick              |       |       |    33 ||    33
         Headbutt          |       |       |    36 ||    36
         Halberd           |       |       |    18 ||    18
         Quarterstaff      |       |       |    10 ||    10
    Use: Scroll            |       |     9 |     7 ||    16
         Potion            |       |       |     2 ||     2
   Stab: Petrifying        |     1 |       |     1 ||     2
         Sleeping          |       |       |     5 ||     5
         Confused          |       |       |     2 ||     2
 Armour: Leather armour    |    83 |   194 |   229 ||   506
  Dodge: Dodged            |    77 |   121 |   172 ||   370

Table legend: (Time is in decaauts)
 A = Elapsed time spent in this place.
 B = Non-inter-level travel time spent in this place.
 C = Inter-level travel time spent in this place.
 D = Time resting spent in this place.
 E = Time spent auto-exploring this place.
 F = Levels seen in this place.
 G = Mean time per level.
                   A        B        C        D        E       F      G
               +--------+--------+--------+--------+--------+-----+--------+
         Total |   6453 |   6311 |    142 |    222 |   4677 |   7 |  921.9 |
       Dungeon |   6453 |   6311 |    142 |    222 |   4677 |   7 |  921.9 |
               +--------+--------+--------+--------+--------+-----+--------+

Top non-repeatable levels by time:
     D:5: 1790 daAuts
     D:6: 1196 daAuts
     D:7: 954 daAuts
     D:4: 811 daAuts
     D:1: 600 daAuts
     D:3: 592 daAuts
     D:2: 508 daAuts
